Map: 16位元 - 天梯版

Players

Rex

  • Race: Zerg Zerg
  • Spawn Location: 7:00

Clem - Winner!

  • Race: Terran Terran
  • Spawn Location: 1:00

Event: WCS Valencia 2018

VOD

Have the link to the VOD?

Description

Time

  • Played on: July 12, 2018, 1:16 p.m.
  • Length: 14:12

All games in this series

Show
View Real Time Build Order
Export as new Build Order

Rex Zerg 

Build Orders: Hatch First, Muta Ling Bane 

Get SALT Encoding   

  12  0:00  Drone  
  13  0:13  Overlord  
  13  0:19  Drone  
  14  0:31  Drone  
  14  0:32  Drone  
  14  0:35  Drone  
  17  0:53  Hatchery  
  17  0:56  Drone  
  17  1:00  Drone  
  18  1:10  Extractor  
  17  1:16  Spawning Pool  
  17  1:18  Drone  
  17  1:22  Drone  
  18  1:30  Drone  
  19  1:43  Overlord  
  19  1:54  Drone  
  20  2:02  Queen  
  20  2:05  Zergling x4, Queen  
  26  2:10  Metabolic Boost  
  26  2:13  Drone  
  27  2:17  Drone  
  28  2:23  Drone  
  28  2:29  Spore Crawler  
  29  2:39  Spore Crawler  
  28  2:49  Pneumatized Carapace  
  29  2:55  Drone x2  
  31  2:58  Hatchery  
  31  3:01  Queen  
  31  3:04  Drone  
  33  3:09  Overlord  
  33  3:11  Drone  
  34  3:14  Drone  
  35  3:23  Drone  
  35  3:28  Drone  
  35  3:29  Drone x4  
  35  3:32  Overlord  
  40  3:42  Drone  
  40  3:43  Drone  
  42  3:50  Drone  
  43  3:56  Zergling x10  
  43  3:57  Zergling x4  
  50  4:02  Queen  
  50  4:09  Overlord x2  
  50  4:12  Overlord, Queen  
  50  4:16  Drone x2  
  54  4:17  Drone  
  54  4:18  Drone  
  54  4:20  Drone  
  57  4:27  Overlord  
  57  4:28  Drone  
  58  4:31  Drone  
  58  4:32  Drone  
  58  4:36  Drone x2  
  62  4:44  Queen  
  64  4:46  Queen  
  66  4:58  Zergling x2  
  66  4:59  Zergling x12  
  71  5:03  Drone  
  64  5:16  Drone x2  
  62  5:22  Drone  
  62  5:24  Drone  
  62  5:25  Drone x6  
  62  5:26  Lair  
  62  5:27  Drone  
  71  5:29  Extractor x2, Drone  
  71  5:30  Drone  
  71  5:31  Extractor  
  71  5:32  Drone, Evolution Chamber  
  71  5:33  Drone, Evolution Chamber  
  70  5:36  Drone  
  70  5:41  Baneling Nest  
  70  5:44  Drone x2  
  70  5:46  Drone  
  73  5:54  Drone x5  
  77  5:59  Drone x2  
  77  6:01  Drone  
  77  6:02  Drone x2  
  83  6:04  Drone x2  
  83  6:06  Drone  
  83  6:08  Drone  
  86  6:13  Queen  
  86  6:16  Drone x2  
  86  6:18  Overlord  
  90  6:21  Hatchery  
  90  6:24  Extractor  
  90  6:25  Centrifical Hooks  
  88  6:26  Zerg Ground Armor Level 1  
  88  6:33  Extractor  
  88  6:34  Drone  
  88  6:35  Drone  
  88  6:36  Spore Crawler, Drone  
  88  6:38  Zerg Melee Weapons Level 1  
  89  6:40  Baneling x4  
  89  6:44  Zergling x18  
  98  6:57  Hatchery  
  98  6:59  Zergling x2  
  94  7:09  Zergling x2  
  94  7:10  Overlord, Zergling x4  
  94  7:11  Overlord x4  
  94  7:14  Spire  
  96  7:23  Overlord x2, Drone  
  96  7:24  Overlord  
  96  7:26  Baneling x4  
  97  7:32  Drone x6  
  97  7:36  Baneling x9  
  103  7:37  Zergling x6  
  103  7:40  Queen  
  103  7:41  Queen  
  109  7:55  Drone x8  
  109  7:56  Drone x4  
  118  8:07  Overlord x2  
  118  8:10  Overlord  
  113  8:25  Mutalisk  
  113  8:26  Mutalisk x10  
  132  8:30  Zergling x2  
  132  8:31  Zergling x4  
  124  8:41  Zergling x8  
  127  8:43  Zerg Ground Armor Level 2  
  127  8:45  Queen  
  127  8:48  Zergling x4  
  129  8:56  Hatchery  
  129  9:00  Zergling x28  
  140  9:06  Zerg Flyer Weapons Level 1  
  140  9:07  Zerg Melee Weapons Level 2  
  140  9:10  Infestation Pit, Zergling x6  
  140  9:14  Extractor  
  139  9:21  Zergling x10  
  139  9:22  Zergling x6  
  147  9:24  Baneling x4  
  147  9:25  Baneling x2  
  147  9:27  Overlord  
  147  9:30  Overlord  
  147  9:32  Mutalisk x3  
  147  9:34  Zergling x2  
  154  9:44  Zergling x14  
  159  9:46  Overseer  
  159  9:49  Hive  
  159  9:55  Zergling x20  
  159  9:57  Baneling x8  
  159  9:58  Baneling x4  
  169  10:02  Overseer  
  169  10:04  Zergling x12  
  169  10:06  Overseer x2  
  175  10:08  Baneling x3  
  175  10:15  Zergling x12  
  181  10:25  Zergling x2  
  181  10:26  Zergling x12  
  181  10:27  Overlord x3  
  188  10:28  Baneling x3  
  188  10:29  Baneling x6  
  188  10:31  Overlord  
  187  10:43  Baneling  
  187  10:44  Baneling x6  
  175  10:54  Hatchery  
  175  10:55  Zergling x24  
  175  10:56  Zergling x14  
  183  10:57  Baneling x7  
  166  11:08  Zergling x20  
  168  11:12  Baneling  
  168  11:13  Baneling x11  
  151  11:28  Zergling x24  
  156  11:33  Ultralisk Cavern  
  153  11:41  Corruptor x4  
  153  11:43  Greater Spire  
  154  11:50  Zergling x2  
  154  11:51  Zergling x24  
  134  11:58  Zergling x6  
  134  11:59  Baneling x13  
  133  12:03  Zergling x6  
  133  12:04  Zergling x4  
  133  12:06  Baneling x5  
  138  12:09  Baneling x4  
  138  12:11  Baneling x2  
  138  12:21  Zergling x8  
  138  12:22  Zergling x22  
  148  12:32  Overseer  
  148  12:35  Zergling x22  
  160  12:44  Zergling x16  
  164  12:55  Zergling x14  
  167  13:03  Zergling x2  
  167  13:04  Zergling x18  
  167  13:05  Baneling x4  
  165  13:08  Brood Lord x2  
  154  13:15  Zergling x16  
  154  13:19  Baneling x2, Brood Lord  
  156  13:29  Zergling x16  
  156  13:31  Baneling Nest  
Show
View Real Time Build Order
Export as new Build Order

Clem Terran - Winner!

Build Orders: Hellion Opening, Reaper Expand, MMM Bio 

Get SALT Encoding   

  12  0:00  SCV  
  13  0:12  SCV  
  14  0:18  Supply Depot  
  14  0:24  SCV  
  15  0:39  SCV  
  15  0:42  Barracks  
  16  0:45  Refinery  
  16  0:51  SCV  
  17  1:03  SCV  
  18  1:16  SCV  
  19  1:28  Reaper  
  19  1:29  Orbital Command  
  20  1:43  Command Center  
  20  1:54  SCV  
  20  2:00  Marine  
  22  2:04  Factory  
  22  2:06  SCV  
  23  2:14  Supply Depot  
  23  2:15  Refinery  
  23  2:22  Barracks Reactor  
  23  2:36  SCV  
  24  2:48  SCV  
  25  2:51  Starport  
  25  2:56  Orbital Command  
  25  3:00  SCV  
  25  3:04  Barracks Tech Lab  
  26  3:06  Hellion x2  
  26  3:12  SCV  
  31  3:24  SCV x2  
  33  3:27  Hellion x2  
  33  3:29  Supply Depot  
  37  3:38  Raven  
  37  3:39  Barracks Tech Lab  
  37  3:40  SCV  
  40  3:42  SCV  
  41  3:48  Hellion  
  41  3:49  Hellion  
  41  3:52  SCV  
  47  3:55  SCV  
  47  3:58  Supply Depot  
  47  4:05  Stimpack  
  47  4:06  SCV  
  47  4:07  SCV  
  49  4:17  Marine  
  49  4:18  SCV  
  49  4:20  Factory Reactor  
  51  4:27  Command Center  
  51  4:32  SCV x2  
  51  4:36  Starport Reactor  
  53  4:39  Barracks  
  53  4:44  SCV  
  53  4:45  Barracks  
  54  4:46  Marine  
  54  4:52  SCV  
  55  4:55  Command Center  
  55  4:56  SCV  
  56  5:01  Engineering Bay  
  56  5:02  Engineering Bay  
  56  5:03  Marine  
  56  5:04  SCV  
  56  5:05  Supply Depot  
  56  5:08  SCV  
  55  5:16  SCV  
  55  5:17  Refinery  
  55  5:18  Refinery  
  55  5:20  SCV  
  48  5:28  Terran Infantry Weapons Level 1, Terran Infantry Armor Level 1, SCV  
  48  5:32  SCV  
  50  5:37  Marine x2  
  50  5:39  Marine  
  50  5:40  SCV  
  50  5:42  Supply Depot  
  54  5:43  Marine x2  
  54  5:45  SCV  
  54  5:47  Siege Tank  
  60  5:52  Medivac x2  
  60  5:53  SCV  
  60  5:54  Marine x2  
  68  5:57  Supply Depot, SCV, Marine  
  68  6:02  Supply Depot  
  69  6:04  Marine x2  
  69  6:08  Orbital Command  
  69  6:10  SCV x2  
  73  6:14  Marine x2  
  73  6:15  Marine  
  73  6:16  Combat Shield  
  76  6:22  Siege Tank  
  76  6:24  Medivac  
  81  6:25  Marine  
  81  6:29  Marine  
  81  6:32  Orbital Command  
  83  6:35  Barracks  
  83  6:37  Barracks  
  83  6:43  Medivac  
  83  6:44  Supply Depot x2  
  83  6:45  SCV  
  83  6:46  Marine  
  87  6:47  Marine  
  87  6:49  Marine  
  87  6:51  Marine  
  90  6:54  Marine  
  90  6:56  SCV  
  92  7:02  Armory  
  92  7:04  Marine  
  92  7:05  SCV, Marine  
  92  7:07  SCV, Marine  
  94  7:08  SCV  
  94  7:12  Refinery x2  
  95  7:16  Marine x2  
  95  7:17  Supply Depot  
  95  7:19  Supply Depot  
  95  7:21  Marine  
  98  7:24  Siege Tank  
  98  7:25  SCV  
  98  7:26  SCV  
  98  7:28  SCV  
  98  7:29  Barracks Reactor  
  104  7:30  Barracks Reactor  
  104  7:35  Medivac  
  104  7:36  Medivac  
  108  7:38  SCV  
  108  7:41  Marine x3  
  108  7:42  SCV  
  113  7:44  Marine  
  113  7:45  SCV  
  115  7:54  Marine  
  115  7:56  Siege Tank  
  119  7:59  Marine  
  119  8:00  Marine x2  
  119  8:02  SCV x2, Marine  
  119  8:03  Factory  
  119  8:04  SCV  
  125  8:07  Terran Infantry Weapons Level 2  
  125  8:11  Supply Depot  
  125  8:14  Supply Depot, SCV x2  
  125  8:18  Marine x2  
  126  8:23  Marine x2  
  126  8:25  SCV  
  129  8:31  Widow Mine  
  123  8:35  Marine  
  123  8:36  SCV, Marine x2  
  123  8:37  Marine x2  
  123  8:38  Marine x2  
  123  8:39  Medivac x2  
  123  8:41  Marine  
  136  8:42  Supply Depot, Command Center  
  135  8:48  Marine  
  135  8:52  Siege Tank  
  135  8:53  Marine  
  135  8:54  Marine x4  
  144  8:56  Missile Turret  
  138  9:09  Factory Tech Lab, Missile Turret, Medivac  
  139  9:10  Missile Turret  
  139  9:12  Missile Turret  
  139  9:15  Missile Turret, Terran Infantry Armor Level 2  
  132  9:18  Terran Vehicle Weapons Level 1  
  132  9:20  Marauder  
  132  9:24  Thor  
  140  9:25  Marine x3  
  140  9:26  Marine  
  144  9:33  Thor  
  150  9:39  Supply Depot  
  150  9:46  Marine  
  150  9:47  Marine x3  
  150  9:48  Marine x4  
  150  9:49  Marauder  
  150  9:52  Supply Depot  
  160  10:04  SCV x2, Marine  
  160  10:05  SCV  
  164  10:10  Missile Turret  
  164  10:13  Barracks  
  164  10:14  Barracks x2  
  164  10:18  Missile Turret, Marine  
  164  10:19  Marauder  
  167  10:22  Planetary Fortress  
  167  10:27  Sensor Tower  
  167  10:32  SCV  
  167  10:33  SCV x2, Marine x2  
  167  10:34  Sensor Tower  
  172  10:37  Marine x3  
  172  10:40  Siege Tank  
  172  10:42  Siege Tank  
  175  10:52  Marauder, Marine x3  
  167  11:06  Marine x2, Medivac  
  167  11:07  Marine x3  
  167  11:08  Marine x2  
  173  11:12  Siege Tank  
  173  11:14  Marauder, Siege Tank  
  173  11:15  Marine x4  
  185  11:24  Marine x2  
  171  11:26  Marine  
  171  11:29  Marine  
  171  11:31  SCV  
  171  11:32  SCV  
  163  11:35  Marauder  
  165  11:41  Missile Turret  
  165  11:42  Missile Turret  
  165  11:43  Marine x3  
  165  11:44  Siege Tank, Barracks Tech Lab x3  
  165  11:46  Siege Tank  
  158  11:56  Marauder  
  158  11:58  Marine x2  
  162  12:08  Marauder  
  164  12:13  Refinery  
  164  12:14  Refinery  
  164  12:16  Siege Tank  
  164  12:18  Marauder, Siege Tank  
  164  12:19  Medivac  
  174  12:26  Command Center  
  174  12:28  Marauder  
  174  12:29  Ghost Academy  
  176  12:37  Marauder, Marine x2  
  176  12:39  Marauder  
  176  12:40  Marine  
  176  12:41  Marauder  
  185  12:48  Siege Tank  
  185  12:49  Marine  
  185  12:50  Marauder, Siege Tank, Marine  
  185  12:51  Marine  
  196  12:57  Marine x4  
  193  12:59  Marauder  
  193  13:01  Marauder, Marine  
  193  13:02  Marine  
  193  13:07  Marine  
  193  13:08  Marine x2  
  193  13:11  Marine  
  185  13:15  Marine x4  
  185  13:16  Unknown x3  
  184  13:20  Marauder x2, Siege Tank  
  184  13:22  Marauder  
  184  13:23  Siege Tank  
  196  13:37  Marine x2  
  196  13:38  Marauder  
  196  13:40  Marine x2  
  200  13:45  Marine  
Tags
 
Add a new tag
Caveats
  • Supply blocks, unpowered buildings, or Contaminate may cause inaccurate times.
  • Supply counts are checked every 10 seconds.